 Dungeon Crawl Stone Soup version 0.21.0 (webtiles) character file.

41853 reriks1 the Fighter (level 13, -6/125 HPs)
             Began as a Minotaur Berserker on Jan 6, 2018.
             Was an Elder of Trog.
             Mangled by a deep troll shaman (8 damage)
             ... on level 6 of the Lair of Beasts.
             The game lasted 00:16:02 (13941 turns).

reriks1 the Fighter (Minotaur Berserker)           Turns: 13941, Time: 00:16:02

Health: -6/125     AC: 11    Str: 28    XL:     13   Next: 82%
Magic:  12/12      EV: 18    Int:  6    God:    Trog [****..]
Gold:   1299       SH:  0    Dex: 11    Spells: 12/12 levels left

rFire    + . .     SeeInvis .   P - +8 broad axe (freeze)
rCold    . . .     Gourm    .   (no shield)
rNeg     . . .     Faith    .   K - +0 ring mail of Inyag {Regen+ Int+2}
rPois    +         Spirit   .   r - +0 hat
rElec    .         Reflect  .   (no cloak)
rCorr    .         Harm     .   V - +0 pair of gloves
MR       +....                  (no boots)
Stlth    ..........             s - amulet of regeneration
HPRegen  1.10/turn              J - ring of poison resistance
MPRegen  0.13/turn              m - ring of protection from fire

@: berserk cooldown, slowed, very slow
A: retaliatory headbutt, hooves 1, horns 2, thin metallic scales 1, magic
resistance 1, strong 1
a: Berserk, Trog's Hand, Brothers in Arms, Burn Spellbooks, Renounce Religion


You were on level 6 of the Lair of Beasts.
You worshipped Trog.
Trog was greatly pleased with you.
You were hungry.

You visited 2 branches of the dungeon, and saw 16 of its levels.
You also visited: Sewer.

You collected 1299 gold pieces.

Inventory:

Hand Weapons
 a - a +0 hand axe
 G - a +1 hand axe of electrocution
 L - a +0 battleaxe
 P - a +8 broad axe of freezing (weapon)
 Q - a +4 antimagic executioner's axe
Armour
 r - a +0 hat (worn)
 K - the +0 ring mail of Inyag (worn) {Regen+ Int+2}
   (You found it on level 9 of the Dungeon)

   It affects your intelligence (+2).
   It increases your rate of regeneration.
 V - a +0 pair of gloves (worn)
 Z - a cursed +0 plate armour
Jewellery
 i - an uncursed ring of see invisible
 m - a ring of protection from fire (right hand)
 s - an amulet of regeneration (around neck)
 C - a +2 amulet of reflection
 J - a ring of poison resistance (left hand)
 O - an uncursed amulet of magic regeneration
 S - an uncursed amulet of guardian spirit
 X - an uncursed ring of fire
Wands
 e - a wand of flame (51)
 k - a wand of paralysis (11)
 n - a wand of iceblast (7)
 o - a wand of acid (9)
 E - a wand of digging (14)
 M - a wand of enslavement (59)
 U - a wand of disintegration (15)
Scrolls
 b - a scroll of amnesia {unknown}
 f - 7 scrolls of remove curse
 j - 2 scrolls of silence {unknown}
 p - 9 scrolls of teleportation
 t - a scroll of vulnerability {unknown}
 y - 5 scrolls of enchant armour
 z - a scroll of magic mapping {unknown}
 B - 2 scrolls of immolation
 D - 2 scrolls of blinking
 N - a scroll of fog
 T - 2 scrolls of fear
 W - 4 scrolls of identify
Potions
 d - 3 potions of mutation
 g - 2 potions of brilliance
 l - 11 potions of curing
 q - 2 potions of flight
 u - 4 potions of haste
 v - 3 potions of might
 w - a potion of magic
 x - a potion of resistance
 A - 2 potions of agility
 F - a potion of berserk rage
 H - 2 potions of heal wounds
 Y - a potion of invisibility {unknown}
Comestibles
 c - 31 rations
 h - 20 chunks of flesh


   Skills:
 + Level 14.4 Fighting
 + Level 14.4 Axes
 + Level 14.2 Armour
 + Level 13.2 Dodging


You had 12 spell levels left.
You didn't know any spells.

Dungeon Overview and Level Annotations

Branches:
Dungeon (10/15)            Temple (0/1) D:6            Lair (6/6) D:10
  Swamp (0/4) Lair:4        Snake (0/4) Lair:2        Slime (0/5) Lair:5
    Orc: D:9-12

Altars:
Cheibriados
Dithmenos
Gozag
Hepliaklqana
Okawaru
Qazlal
Ru
Sif Muna
Trog
Uskayaw
Vehumet
Yredelemnul
Zin
The Shining One
Jiyva

Shops:
D:8 }   D:10 =

Annotations:
D:5 2 transporters


Innate Abilities, Weirdness & Mutations

You reflexively headbutt those who attack you in melee.
You have a pair of horns on your head.
You have large cloven feet.
You are partially covered in thin metallic scales. (AC +2)
You are resistant to hostile enchantments. (MR+)
Your muscles are strong. (Str +2)


Message History

* * * LOW HITPOINT WARNING * * *
The deep troll shaman misses you. The deep troll shaman claws you!
* * * LOW HITPOINT WARNING * * *
The deep troll shaman claws you!
* * * LOW HITPOINT WARNING * * *
The death yak gores you!
* * * LOW HITPOINT WARNING * * *
The death yak gores you.
* * * LOW HITPOINT WARNING * * *
A wolf comes into view.
You see here a death yak corpse.
The wolf howls!
You slash the death yak! You freeze the death yak.
The death yak is moderately wounded.
You hit the death yak. You freeze the death yak.
You closely miss the deep troll shaman. The deep troll shaman misses you.
You furiously retaliate!
You headbutt the deep troll shaman, but do no damage.
The deep troll shaman claws you!
You die...

#..## ..
#..÷#...# 8.#
#...#...#
...###...#.P.#
.8.......#P..#
..÷.....##..##
#......#..##
#...†#.##
#.÷Y@.##
##hTY..#
..........#
######...##
###.# ###


You could see 2 death yaks, a deep troll shaman and a wolf.

Vanquished Creatures
  Rupert (Lair:3)
  The ghost of mandarbmax the Carver, a journeyman BaSk of Wu Jian (Lair:4)
  Snorg (Lair:4)
  Harold (Lair:1)
  7 hydras
  A catoblepas (Lair:6)
  A centaur warrior (D:10)
  2 two-headed ogres (D:8)
  4 death yaks
  5 black mambas
  9 elephants
  A gargoyle (D:10)
  12 spiny frogs
  A rime drake (Lair:1)
  6 komodo dragons
  Grinder (D:3)
  3 hippogriffs
  12 blink frogs
  12 dream sheep
  3 basilisks
  21 yaks
  A steam dragon (D:10)
  4 nagas (Lair:2)
  11 water moccasins
  8 porcupines
  3 orc warriors
  2 sky beasts (D:6)
  2 black bears
  A phantom (D:8)
  4 ogres
  A necrophage (D:10)
  11 wolves
  3 centaurs
  4 crocodiles
  14 bullfrogs
  3 scorpions
  9 wights
  A howler monkey (D:5)
  2 crimson imps
  A bullfrog zombie (D:5)
  6 jellies
  7 orc priests
  2 centaur skeletons
  4 hounds
  9 orc wizards
  3 iguanas
  Jessica (D:3)
  Ijyb (D:4)
  Natasha (D:2)
  11 worker ants
  A killer bee zombie (D:8)
  Robin (D:4)
  8 gnolls
  A howler monkey zombie (D:5)
  13 adders
  2 river rats (Sewer)
  2 shadow imps (D:9)
  6 oozes
  An adder skeleton (D:4)
  4 worms
  A dart slug (D:3)
  5 leopard geckos
  30 orcs
  3 ball pythons
  6 giant cockroaches
  17 goblins
  10 hobgoblins
  13 jackals
  5 quokkas
  17 bats
  9 frilled lizards
  10 kobolds
  A leopard gecko zombie (D:6)
  23 rats
  2 fungi
  2 plants
428 creatures vanquished.

Vanquished Creatures (collateral kills)
  2 hydras
  A death yak (Lair:4)
  An ice beast (D:10)
  A sky beast (D:10)
  A crocodile (Lair:4)
  A bat (Lair:5)
7 creatures vanquished.

Vanquished Creatures (others)
  8 fungi
  3 plants
11 creatures vanquished.

Grand Total: 446 creatures vanquished

Notes
Turn   | Place    | Note
-------+----------+-------------------------------------------
     0 | D:1      | reriks1 the Minotaur Berserker began the quest for the Orb.
     0 | D:1      | Reached XP level 1. HP: 19/19 MP: 0/0
   223 | D:1      | Reached XP level 2. HP: 15/27 MP: 1/1
   979 | D:2      | Reached ** piety under Trog
  1040 | D:2      | Reached XP level 3. HP: 23/33 MP: 2/2
  1725 | D:2      | Noticed Natasha
  1729 | D:2      | Killed Natasha
  1729 | D:2      | Reached XP level 4. HP: 28/41 MP: 3/3
  2108 | D:3      | Found an opulent altar of Gozag.
  2222 | D:3      | Reached XP level 5. HP: 47/47 MP: 4/4
  2242 | D:3      | Noticed Grinder
  2243 | D:3      | Noticed Jessica
  2249 | D:3      | Paralysed by Grinder for 6 turns
  2266 | D:4      | Noticed Robin
  2278 | D:4      | Killed Robin
  2280 | D:4      | Reached *** piety under Trog
  2381 | D:3      | Killed Jessica
  2405 | D:3      | Killed Grinder
  2405 | D:3      | Reached skill level 5 in Fighting
  2405 | D:3      | Reached skill level 5 in Axes
  2405 | D:3      | Reached XP level 6. HP: 20/56 MP: 5/5
  2615 | D:3      | Found a glowing drain.
  2632 | Sewer    | Entered a sewer
  3132 | D:3      | Found a hide-covered altar of Uskayaw.
  3132 | D:3      | Found a snail-covered altar of Cheibriados.
  3137 | D:3      | Found a deep blue altar of Sif Muna.
  3139 | D:3      | Found a shadowy altar of Dithmenos.
  3141 | D:3      | Found a hazy altar of Hepliaklqana.
  3651 | D:4      | Found a radiant altar of Vehumet.
  3660 | D:4      | Reached skill level 5 in Armour
  3660 | D:4      | Reached XP level 7. HP: 59/62 MP: 6/6
  3746 | D:4      | Found an iron altar of Okawaru.
  3908 | D:4      | Noticed Ijyb
  3918 | D:4      | Killed Ijyb
  4101 | D:4      | Found a stormy altar of Qazlal.
  4231 | D:5      | Entered Level 5 of the Dungeon
  4239 | D:5      | Reached **** piety under Trog
  4240 | D:5      | Reached skill level 5 in Dodging
  4567 | D:5      | Found a transporter.
  4605 | D:5      | Found a transporter.
  4661 | D:5      | Gained mutation: You are partially covered in thin metallic scales. (AC +2) [potion of mutation]
  4661 | D:5      | Gained mutation: Your muscles are strong. (Str +2) [potion of mutation]
  4661 | D:5      | Gained mutation: You have large cloven feet. [potion of mutation]
  4661 | D:5      | Gained mutation: You are resistant to hostile enchantments. (MR+) [potion of mutation]
  4725 | D:6      | Reached XP level 8. HP: 71/71 MP: 7/7
  4866 | D:6      | Found a staircase to the Ecumenical Temple.
  4885 | D:6      | Found a glowing silver altar of Zin.
  5756 | D:7      | Found a basalt altar of Yredelemnul.
  5947 | D:7      | Found a bloodstained altar of Trog.
  6191 | D:8      | Reached ***** piety under Trog
  6217 | D:8      | Reached XP level 9. HP: 81/81 MP: 8/8
  6424 | D:8      | Noticed a two-headed ogre
  6430 | D:8      | Killed a two-headed ogre
  6573 | D:8      | Noticed a two-headed ogre
  6581 | D:8      | Killed a two-headed ogre
  6651 | D:8      | Found Buihupt's Gadget Shop.
  6654 | D:8      | Reached XP level 10. HP: 90/91 MP: 9/9
  6759 | D:8      | Found a glowing golden altar of the Shining One.
  7209 | D:9      | Received a gift from Trog
  7391 | D:9      | Noticed a two-headed ogre
  7391 | D:9      | Noticed a deep elf mage
  7446 | D:9      | Found a sacrificial altar of Ru.
  7484 | D:9      | Got a heavily runed ring mail
  7495 | D:9      | Identified the +0 ring mail of Inyag {Regen+ Int+2} (You found it on level 9 of the Dungeon)
  7862 | D:10     | Entered Level 10 of the Dungeon
  7998 | D:10     | Noticed a centaur warrior
  8007 | D:10     | Killed a centaur warrior
  8007 | D:10     | Reached skill level 10 in Fighting
  8007 | D:10     | Reached skill level 10 in Axes
  8015 | D:10     | Noticed a gargoyle
  8021 | D:10     | Noticed a four-headed hydra
  8415 | D:10     | Reached skill level 10 in Armour
  8416 | D:10     | Found Cadghen's Jewellery Boutique.
  8529 | D:10     | Killed a gargoyle
  8646 | D:10     | Killed a seven-headed hydra
  8939 | D:10     | Found a staircase to the Lair.
  8942 | Lair:1   | Entered Level 1 of the Lair of Beasts
  8950 | Lair:1   | Noticed Harold
  8959 | Lair:1   | Killed Harold
  8959 | Lair:1   | Reached XP level 11. HP: 101/101 MP: 10/10
  9309 | Lair:1   | Reached skill level 10 in Dodging
  9793 | Lair:2   | Found a staircase to the Snake Pit.
 10483 | Lair:2   | Received a gift from Trog
 10756 | Lair:3   | Reached XP level 12. HP: 97/112 MP: 11/11
 11013 | Lair:3   | Noticed a seven-headed hydra
 11018 | Lair:3   | Killed an eight-headed hydra
 11143 | Lair:3   | Noticed Rupert
 11151 | Lair:3   | Killed Rupert
 11659 | Lair:4   | Noticed a seven-headed hydra
 11662 | Lair:4   | Noticed a death yak
 11665 | Lair:4   | Killed an eight-headed hydra
 11666 | Lair:4   | Noticed a death yak
 11669 | Lair:4   | Killed a death yak
 11671 | Lair:4   | Killed a death yak
 11764 | Lair:4   | Noticed a six-headed hydra
 11770 | Lair:4   | Killed a seven-headed hydra
 11950 | Lair:4   | Noticed a six-headed hydra
 11952 | Lair:4   | Noticed a five-headed hydra
 11956 | Lair:4   | Killed an eight-headed hydra
 11961 | Lair:4   | Killed an eight-headed hydra
 12063 | Lair:4   | Noticed a six-headed hydra
 12065 | Lair:4   | Noticed mandarbmax's ghost (journeyman BaSk)
 12072 | Lair:4   | Killed an eight-headed hydra
 12076 | Lair:4   | Killed mandarbmax's ghost
 12076 | Lair:4   | Reached XP level 13. HP: 122/122 MP: 12/12
 12132 | Lair:4   | Noticed Snorg
 12139 | Lair:4   | Killed Snorg
 12179 | Lair:4   | Found a staircase to the Swamp.
 13306 | Lair:5   | Found a viscous altar of Jiyva.
 13306 | Lair:5   | Found a staircase to the Slime Pits.
 13387 | Lair:6   | Entered Level 6 of the Lair of Beasts
 13940 | Lair:6   | HP: 1/125 [death yak (6)]
 13941 | Lair:6   | Mangled by a deep troll shaman

Skill      XL: |  1  2  3  4  5  6  7  8  9 10 11 12 13 |
---------------+----------------------------------------+-----
Axes           | 4 5 6 7 9 10 12 13 14 | 14.4
Fighting       | 4 5 6 7 9 10 12 13 14 | 14.4
Armour         | 3 4 5 6 7 9 10 11 13 14 | 14.2
Dodging        | 3 4 5 6 8 9 10 12 13 | 13.2

Action                   |  1- 3 |  4- 6 |  7- 9 | 10-12 | 13-15 || total
-------------------------+-------+-------+-------+-------+-------++-------
Melee: Hand axe          |    79 |   144 |   216 |    25 |       ||   464
       Headbutt          |    13 |    25 |    26 |    52 |    26 ||   142
       Kick              |       |       |    33 |    86 |    48 ||   167
       Broad axe         |       |       |       |   255 |   141 ||   396
Invok: Berserk           |     1 |     4 |     4 |    11 |     4 ||    24
       Trog's Hand       |       |       |     3 |     1 |       ||     4
       Brothers in Arms  |       |       |       |     7 |     2 ||     9
       Burn Spellbooks   |       |       |       |       |     1 ||     1
  Use: Scroll            |       |       |    10 |    19 |       ||    29
       Potion            |       |       |     1 |     1 |       ||     2
 Stab: Distracted        |       |       |       |     1 |       ||     1
       Petrified         |       |       |       |       |     3 ||     3
  Eat: Chunk             |     4 |    10 |    14 |    16 |    11 ||    55
       Ration            |       |       |       |     4 |       ||     4
Armor: Animal skin       |    16 |       |       |       |       ||    16
       Ring mail         |     6 |       |       |    61 |    48 ||   115
       Chain mail        |       |    66 |   102 |    13 |       ||   181
Dodge: Dodged            |    54 |    83 |   109 |   241 |   105 ||   592
